 Dungeon Crawl Stone Soup version 0.26-a0-651-gb41185065b (webtiles) character file.

Game seed: 17311521347495506896

41101 kae the Transmogrifier (level 13, -8/107 HPs)
             Began as a Yellow Draconian Transmuter on Oct 27, 2020.
             Was a High Priest of Wu Jian.
             Mangled by an ice devil (18 damage)
             ... on level 6 of the Lair of Beasts.
             The game lasted 00:21:35 (22990 turns).

kae the Transmogrifier (DrTm)                      Turns: 22990, Time: 00:21:36

Health: -8/107     AC: 13    Str: 16    XL:     13   Next: 78%
Magic:  23/23      EV: 21    Int: 14    God:    Wu Jian [*****.]
Gold:   1193       SH:  0    Dex: 25    Spells: 7/26 levels left

rFire    . . .     SeeInvis .     - Unarmed
rCold    . . .     Faith    .   (shield currently unavailable)
rNeg     . . .     Spirit   .   (armour unavailable)
rPois    .         Reflect  .   (helmet restricted)
rElec    .         Harm     .   C - +1 cloak
rCorr    +         Rampage  .   (gloves currently unavailable)
MR       .....                  y - +2 pair of boots {Fly}
Stlth    ++........             A - amulet of magic regeneration
HPRegen  0.27/turn              n - +6 ring of dexterity
MPRegen  0.43/turn              x - +6 ring of dexterity

@: blade hands, flying
A: spit acid, unfitting armour, cold-blooded, acid resistance, AC +8
a: Breathe Acid, End Transformation, Wall Jump, Serpent's Lash, Heavenly Storm,
Renounce Religion, Stop Flying


You were on level 6 of the Lair of Beasts.
You worshipped Wu Jian.
Wu Jian was extremely pleased with you.
You had blades for hands.
You visited 3 branches of the dungeon, and saw 17 of its levels.

You collected 1193 gold pieces.

Inventory:

Armour
 y - a +2 pair of boots of flying (worn)
 C - a +1 cloak (worn)
Jewellery
 d - an uncursed ring of see invisible
 g - an uncursed ring of protection from cold
 n - a +6 ring of dexterity (left scythe-like blade)
 x - a +6 ring of dexterity (right scythe-like blade)
 A - an amulet of magic regeneration (around neck)
 D - an uncursed ring of poison resistance
Wands
 e - a wand of random effects (12)
 f - a wand of flame (18)
 m - a wand of iceblast (18)
 r - a wand of disintegration (13)
 s - a wand of paralysis (45)
 w - a wand of digging (11)
Scrolls
 a - 13 scrolls of identify
 b - 11 scrolls of remove curse
 h - a scroll of immolation
 o - 2 scrolls of enchant weapon
 u - 4 scrolls of fear
 z - 4 scrolls of teleportation
 B - a scroll of blinking
Potions
 c - 4 potions of stabbing
 i - 3 potions of haste
 j - a potion of ambrosia
 k - 2 potions of mutation
 l - 6 potions of curing
 p - a potion of lignification
 t - 2 potions of might
 v - 5 potions of heal wounds


   Skills:
 - Level 8.2 Fighting
 - Level 9.0 Dodging
 - Level 13.0 Unarmed Combat
 - Level 7.0 Spellcasting
 + Level 13.4 Transmutations
 - Level 5.0 Ice Magic
 - Level 4.0 Evocations


You had 7 spell levels left.
You knew the following spells:

 Your Spells              Type           Power        Failure   Level
a - Beastly Appendage     Tmut           #####.       6%          1
b - Spider Form           Tmut/Pois      ###.......   24%         3
c - Blade Hands           Tmut           #####.....   19%         5
d - Ice Form              Ice/Tmut       ####....     26%         4
e - Hydra Form            Tmut           #####.....   43%         6

Your spell library contained the following spells:

 Spells                   Type           Power        Failure   Level
 Wereblood                Tmut           #####...     7%          2
 Passwall                 Tmut/Erth      ###.....     17%         2
 Petrify                  Tmut/Erth      ###.....     43%         4
 Animate Skeleton         Necr           #.....       54%         1
 Foxfire                  Conj/Fire      #...         54%         1
 Pain                     Necr           #...         54%         1
 Sandblast                Erth           #.....       54%         1
 Poisonous Vapours        Pois/Air       #.....       65%         2
 Irradiate                Conj/Tmut      ###.......   69%         5
 Conjure Flame            Conj/Fire      #.......     80%         3
 Inner Flame              Hex/Fire       #.......     80%         3
 Mephitic Cloud           Conj/Pois/Air  #.......     80%         3
 Stone Arrow              Conj/Erth      #.....       80%         3
 Vampiric Draining        Necr           #.........   80%         3
 Animate Dead             Necr           #.........   98%         4
 Sticky Flame             Conj/Fire      #.......     98%         4
 Agony                    Necr           #.......     100%        5
 Fireball                 Conj/Fire      #.........   100%        5
 Lee's Rapid Deconstruct  Erth           #.........   100%        5
 Freezing Cloud           Conj/Ice/Air   #.........   100%        6


Dungeon Overview and Level Annotations

Branches:
Dungeon (10/15)            Temple (1/1) D:4            Lair (6/6) D:8
 Shoals (0/4) Lair:2        Snake (0/4) Lair:3        Slime (0/5) Lair:5
    Orc (0/2) D:10

Altars:
Ashenzari
Cheibriados
Dithmenos
Elyvilon
Fedhas
Gozag
Hepliaklqana
Kikubaaqudgha
Makhleb
Nemelex Xobeh
Okawaru
Qazlal
Ru
Sif Muna
Trog
Uskayaw
Vehumet
Wu Jian
Xom
Yredelemnul
Zin
The Shining One
Beogh
Jiyva

Shops:
D:4 (

Annotations:
D:3 2 transporters, loralnil's ghost, amateur GnTm
D:5 exclusion: statue
D:8 exclusion: upstairs
Lair:1 3 runed translucent doors, PeterMcNeter's ghost, journeyman GnDe
Lair:5 3 runed translucent doors, Kaive's ghost, journeyman MiFi


Innate Abilities, Weirdness & Mutations

You can spit globs of acid.
Your golden yellow scales are hard. (AC +8)
You cannot fit into any form of body armour.
You are cold-blooded and may be slowed by cold attacks.
You are resistant to acid. (rCorr)


Message History

An ice devil comes into view.
The hell hound bites you but does no damage.
You slice the hell hound!!
The hell hound is severely wounded.
The hell hound bites you.
* * * LOW HITPOINT WARNING * * *
Okay, then.
You spin and attack the hell hound.
You barely miss the hell hound.
The hell hound is severely wounded.
A hellwing comes into view.
The hell hound bites you but does no damage.
You slice the hell hound!!
You kill the hell hound!
The Council accepts your kill.
You spin and attack the ice devil.
You slash the ice devil!
The ice devil is moderately wounded.
The ice devil hits you.
* * * LOW HITPOINT WARNING * * *
The ice devil freezes you!!
You die...

♣....♣ ♣♣♣....♣♣♣...♣♣♣
♣....♣ ♣♣♣.......♣♣ ♣
#####''###### ♣♣♣P♣♣.♣♣
.............#########+♣♣♣♣♣
....8....8...#[.......# ♣
.............')..8.8..# ♣
##############..8.#...# ♣♣
.......#...8.#.. ♣♣.
4......#4@#.8...# ♣..
.._....4)..#.8..# ♣..
......)#..8.8...# ♣♣.
§§§§...#........# ♣♣
≈§§§############# §≈§ ##


You could see a hellwing and an ice devil.

Vanquished Creatures
  10 hydras
  Erica (Lair:1)
  A two-headed ogre (D:9)
  A death yak (Lair:4)
  A sun demon (Lair:6)
  Nergalle (Lair:1)
  A wizard (Lair:6)
  2 oklob plants (Lair:2)
  A merfolk siren (Lair:2)
  4 black mambas
  11 cane toads
  6 rime drakes
  3 komodo dragons (Lair:4)
  2 ice devils (Lair:6)
  2 red devils (Lair:6)
  A troll (D:10)
  A polar bear (Lair:5)
  14 blink frogs
  6 hippogriffs
  Sigmund (D:2)
  2 wyverns
  35 yaks
  Grum (D:8)
  2 basilisks
  9 water moccasins
  Duvessa (D:5)
  3 hell hounds (Lair:6)
  10 porcupines
  6 orc warriors
  4 sky beasts
  4 ogres
  A black bear (D:6)
  3 phantoms
  34 wolves
  9 crocodiles
  8 centaurs
  A big kobold (D:10)
  Blork the orc (D:4)
  12 bullfrogs
  Dowan (D:5)
  2 scorpions
  15 wights
  5 killer bees (D:7)
  An electric eel (Lair:2)
  A vampire bat (D:3)
  A centaur zombie (D:5)
  2 bullfrog zombies
  3 hounds
  A quasit (D:7)
  2 bullfrog skeletons
  18 orc wizards
  9 orc priests
  Crazy Yiuf (D:2)
  A gnoll shaman (D:8)
  2 iguanas
  Ijyb (D:3)
  5 worker ants
  A hound zombie (D:9)
  2 hound skeletons
  3 worker ant zombies
  7 gnolls
  10 adders
  3 shadow imps
  2 white imps
  An ooze (D:5)
  An adder zombie (D:8)
  3 worms
  A dart slug (D:2)
  3 fire bats (D:3)
  7 leopard geckos
  43 orcs
  2 spectral bats (D:3)
  A ball python (D:3)
  3 bat skeletons (D:3)
  A bat zombie (D:3)
  5 giant cockroaches
  8 goblins
  7 hobgoblins
  14 jackals
  2 quokkas
  12 bats
  A bat simulacrum (D:3)
  A frilled lizard (D:4)
  14 kobolds
  A leopard gecko zombie (D:5)
  A quokka skeleton (D:7)
  8 rats
455 creatures vanquished.

Vanquished Creatures (collateral kills)
  A death yak (Lair:4)
  A komodo dragon (Lair:4)
2 creatures vanquished.

Vanquished Creatures (others)
  4 bushes (Lair:6)
  38 fungi
  107 plants
  10 withered plants (D:8)
159 creatures vanquished.

Grand Total: 616 creatures vanquished

Notes
Turn   | Place    | Note
-------+----------+-------------------------------------------
     0 | D:1      | kae the Draconian Transmuter began the quest for the Orb.
     0 | D:1      | Reached XP level 1. HP: 16/16 MP: 3/3
   255 | D:1      | Reached XP level 2. HP: 12/23 MP: 1/5
  1303 | D:2      | Reached XP level 3. HP: 28/28 MP: 4/6
  1308 | D:2      | Learned a level 3 spell: Spider Form
  1518 | D:2      | Noticed Sigmund
  1697 | D:2      | Killed Sigmund
  1697 | D:2      | Reached skill level 5 in Unarmed Combat
  1697 | D:2      | Reached XP level 4. HP: 15/35 MP: 3/7
  1697 | D:2      | Reached XP level 5. HP: 17/40 MP: 3/8
  2453 | D:2      | Found a runed translucent door.
  2454 | D:2      | Noticed Crazy Yiuf
  2638 | D:2      | Killed Crazy Yiuf
  3029 | D:3      | Reached XP level 6. HP: 44/47 MP: 7/9
  3459 | D:3      | Noticed Ijyb
  3470 | D:3      | Killed Ijyb
  3471 | D:3      | Noticed loralnil's ghost (amateur GnTm)
  3600 | D:3      | Found a transporter.
  3633 | D:3      | Found a transporter.
  4032 | D:3      | Your scales start taking on a golden yellow colour.
  4032 | D:3      | Reached XP level 7. HP: 21/52 MP: 7/10
  4032 | D:3      | Gained mutation: You are resistant to acid. (rCorr) [Yellow
                  | Draconian growth]
  4611 | D:4      | Noticed Blork the orc
  4622 | D:4      | Found Kak Wacsi's Weapon Shop.
  4640 | D:4      | Killed Blork the orc
  4640 | D:4      | Reached skill level 5 in Transmutations
  5374 | D:4      | Found a staircase to the Ecumenical Temple.
  5569 | Temple   | Entered the Ecumenical Temple
  5784 | Temple   | Became a worshipper of the Wu Jian Council
  5831 | D:5      | Entered Level 5 of the Dungeon
  6110 | D:5      | Noticed Duvessa
  6111 | D:5      | Noticed Dowan
  6132 | D:5      | Killed Duvessa
  6132 | D:5      | Reached XP level 8. HP: 44/59 MP: 5/11
  6134 | D:5      | Killed Dowan
  6768 | D:5      | Found a radiant altar of Vehumet.
  6973 | D:6      | Found a stormy altar of Qazlal.
  7524 | D:6      | Reached * piety under Wu Jian
  7717 | D:6      | Reached skill level 10 in Unarmed Combat
  7831 | D:6      | Reached XP level 9. HP: 64/64 MP: 9/12
  8228 | D:7      | Found a shadowy altar of Dithmenos.
  8284 | D:7      | Learned a level 5 spell: Blade Hands
  8609 | D:7      | Reached ** piety under Wu Jian
  9069 | D:8      | Reached XP level 10. HP: 38/71 MP: 10/13
  9446 | D:8      | Found an ancient bone altar of Kikubaaqudgha.
  9880 | D:8      | Reached *** piety under Wu Jian
 10016 | D:8      | Found a staircase to the Lair.
 10176 | D:8      | Noticed Grum
 10183 | D:8      | Killed Grum
 10508 | D:7      | Found a bloodstained altar of Trog.
 10508 | D:7      | Found a glowing silver altar of Zin.
 10856 | D:9      | Noticed a two-headed ogre
 10861 | D:9      | Killed a two-headed ogre
 10861 | D:9      | Reached skill level 10 in Transmutations
 11464 | D:10     | Entered Level 10 of the Dungeon
 11702 | D:10     | Reached **** piety under Wu Jian
 11720 | D:10     | Found a roughly hewn altar of Beogh.
 11721 | D:10     | Found a staircase to the Orcish Mines.
 12387 | D:10     | Reached XP level 11. HP: 37/83 MP: 11/17
 12643 | D:10     | Identified a scroll of acquirement
 12643 | D:10     | Acquired Qolaub's Handbook of the Mountains and
                  | Transmigration
 12870 | Lair:1   | Entered Level 1 of the Lair of Beasts
 12886 | Lair:1   | Reached skill level 5 in Fighting
 13321 | Lair:1   | Found a runed translucent gate.
 13321 | Lair:1   | Noticed PeterMcNeter's ghost (journeyman GnDe)
 13322 | Lair:1   | Found a runed translucent gate.
 13322 | Lair:1   | Found a runed translucent gate.
 13734 | Lair:1   | Noticed Erica
 13739 | Lair:1   | Killed Erica
 13800 | Lair:1   | Learned a level 4 spell: Ice Form
 14090 | Lair:1   | Reached ***** piety under Wu Jian
 14135 | Lair:1   | Reached skill level 1 in Ice Magic
 14775 | Lair:1   | Noticed Nergalle
 14795 | Lair:1   | Killed Nergalle
 14813 | Lair:1   | Reached skill level 5 in Spellcasting
 15344 | Lair:2   | Reached skill level 5 in Dodging
 15361 | Lair:2   | Reached XP level 12. HP: 45/102 MP: 19/19
 15738 | Lair:1   | Learned a level 6 spell: Hydra Form
 15765 | Lair:2   | Reached skill level 5 in Ice Magic
 16017 | Lair:2   | Found a staircase to the Shoals.
 17063 | Lair:3   | Noticed a six-headed hydra
 17074 | Lair:3   | Killed a six-headed hydra
 18256 | Lair:3   | Found a staircase to the Snake Pit.
 18529 | Lair:3   | Noticed a six-headed hydra
 18532 | Lair:3   | Killed a six-headed hydra
 18867 | Lair:4   | Acquired a +2 pair of boots of flying
 19621 | Lair:4   | Noticed a seven-headed hydra
 19628 | Lair:4   | Killed a seven-headed hydra
 19635 | Lair:4   | Noticed a six-headed hydra
 19645 | Lair:4   | Killed a six-headed hydra
 19645 | Lair:4   | Reached XP level 13. HP: 46/107 MP: 23/23
 20031 | Lair:4   | Reached skill level 1 in Evocations
 21031 | Lair:5   | Found a runed translucent gate.
 21031 | Lair:5   | Found a runed translucent gate.
 21042 | Lair:5   | Found a runed translucent gate.
 21082 | Lair:5   | Found a staircase to the Slime Pits.
 21082 | Lair:5   | Found a viscous altar of Jiyva.
 22229 | Lair:5   | Noticed Kaive's ghost (journeyman MiFi)
 22243 | Lair:6   | Entered Level 6 of the Lair of Beasts
 22766 | Lair:6   | Paralysed by a wizard for 2 turns
 22946 | Lair:6   | Found a burning altar of Makhleb.
 22990 | Lair:6   | Mangled by an ice devil

Illustrated notes

Levels and vault maps discovered:
D:1:      saegor_arrival_under_anarchy, layout_loops_corners
D:2:      layout_loops_ring, uniq_sigmund, uniq_crazy_yiuf_cottage
D:3:      layout_loops_ring, gammafunk_ghost_mausoleum, st_stairs_12,
          goddamned_bats, uniq_ijyb
D:4:      layout_cave_pools, minmay_temple_entry_nine_rooms, serial_shops, shop,
          uniq_blork_the_orc
D:5:      layout_loops_ring, vehumet_statue, guppyfry_early_orc_mine,
          uniq_duvessa
D:6:      minmay_flawed_box, layout_basic, grunt_qazlal_clouds
D:7:      layout_rooms, nicolae_overflow_hidden_temple,
          nicolae_dithmenos_through_a_glass_darkly
D:8:      layout_loops_cross, kiku_gazebo_garden_becter, lair_entry_dummy,
          uniq_grum
D:9:      layout_rooms
D:10:     layout_rooms, david_orc_5, corner_web_ring
Temple:   dpeg_five_rooms_temple
Lair:1:   layout_regular_city, gammafunk_ghost_split,
          chequers_serial_rivers_micro_b, patterned_corridor,
          grunt_megastairs_2, uniq_erica, uniq_nergalle
Lair:2:   layout_regular_city, minmay_shoals_entry_lonely_mermaid,
          serial_bayou_shore_a, minmay_lair_oklob_chamber
Lair:3:   layout_layer_cave, dummy_snake_entry, chequers_serial_rivers_large_b
Lair:4:   layout_gridlike, gauntlet_entry_generic, hangedman_lair_generics_rect,
          grunt_megastairs_5
Lair:5:   layout_misc_corridors, slime_altar_1, gammafunk_ghost_necromancy
Lair:6:   evil_forest, layout_regular_city, serial_forest,
          infiniplex_forest_straight_2, infiniplex_forest_clump_long,
          infiniplex_forest_lined_corner, infiniplex_forest_lined_room_3,
          infiniplex_forest_straight_2, infiniplex_forest_join,
          infiniplex_forest_end_3, infiniplex_forest_straight_4,
          infiniplex_forest_end_double, lemuel_fruit_fields, lemuel_fruit_tree,
          infiniplex_staircase_pool

Skill      XL: |  1  2  3  4  5  6  7  8  9 10 11 12 13 |
---------------+----------------------------------------+-----
Unarmed Combat | 5 6 8 10 11 13 | 13.0
Transmutations | 3 4 5 7 8 10 12 13 | 13.4
Spellcasting   | 4 5 7 |  7.0
Fighting       | 3 8 |  8.2
Dodging        | 5 9 |  9.0
Ice Magic      | 4 5 |  5.0
Evocations     | 4 |  4.0

Action                   |  1- 3 |  4- 6 |  7- 9 | 10-12 | 13-15 || total
-------------------------+-------+-------+-------+-------+-------++-------
Melee: Unarmed           |    81 |   164 |   390 |   539 |   176 ||  1350
       Kick              |    20 |    16 |    17 |    18 |       ||    71
       Headbutt          |     6 |     7 |     8 |    19 |       ||    40
       Tailslap          |     8 |    12 |    19 |    83 |    13 ||   135
       Punch             |     1 |     2 |     9 |    26 |     3 ||    41
 Cast: Beastly Appendage |    18 |    19 |    16 |    14 |     1 ||    68
       Spider Form       |     1 |     6 |    25 |     7 |       ||    39
       Blade Hands       |       |       |       |    52 |     9 ||    61
       Ice Form          |       |       |       |     6 |    13 ||    19
       Hydra Form        |       |       |       |       |     2 ||     2
Invok: Lunge             |       |       |    21 |    60 |    16 ||    97
       Whirlwind         |       |       |     1 |    52 |     7 ||    60
       Serpent's Lash    |       |       |       |     1 |       ||     1
 Abil: Breathe Acid      |       |       |     1 |     6 |       ||     7
       End Transformatio |       |       |       |     1 |       ||     1
  Use: Scroll            |       |     9 |    13 |     8 |     5 ||    35
       Potion            |       |     1 |     4 |     1 |       ||     6
 Stab: Sleeping          |       |       |     3 |     4 |       ||     7
Armor: Skin              |    27 |    64 |   104 |   104 |    35 ||   334
Dodge: Dodged            |    68 |   138 |   223 |   302 |   113 ||   844

Table legend: (Time is in decaauts)
 A = Elapsed time spent in this place.
 B = Non-inter-level travel time spent in this place.
 C = Inter-level travel time spent in this place.
 D = Time resting spent in this place.
 E = Time spent auto-exploring this place.
 F = Levels seen in this place.
 G = Mean time per level.
                   A        B        C        D        E       F      G
               +--------+--------+--------+--------+--------+-----+--------+
         Total |  22803 |  22169 |    634 |   3921 |  15398 |  17 | 1341.4 |
       Dungeon |  12485 |  12040 |    445 |   1743 |   8425 |  10 | 1248.5 |
        Temple |    244 |    190 |     54 |      0 |    188 |   1 |  244.0 |
          Lair |  10073 |   9940 |    133 |   2178 |   6785 |   6 | 1678.8 |
               +--------+--------+--------+--------+--------+-----+--------+

Top non-repeatable levels by time:
  Lair:1: 2704 daAuts
  Lair:3: 2207 daAuts
  Lair:4: 1735 daAuts
     D:3: 1645 daAuts
     D:2: 1527 daAuts
     D:8: 1499 daAuts
  Lair:2: 1455 daAuts
    D:10: 1366 daAuts
     D:1: 1261 daAuts
  Lair:5: 1242 daAuts
     D:6: 1113 daAuts
     D:4: 1108 daAuts
     D:5: 1060 daAuts
     D:7: 986 daAuts
     D:9: 916 daAuts
